 Dungeon Crawl Stone Soup version 0.31-a0-180-g519b7de00c (webtiles) character file.

Game seed: 7420502255110798460

63 qw the Shooter (level 4, -9/39 HPs)
             Began as a Naga Hunter on June 20, 2023.
             Mangled by Sigmund
             ... wielding a +0 scythe
              (10 damage)
             ... on level 2 of the Dungeon.
             The game lasted 00:00:27 (1137 turns).

qw the Shooter (Naga Hunter)                        Turns: 1137, Time: 00:00:27

Health: -9/39      AC:  2    Str: 14    XL:     4   Next: 9%
Magic:  4/4        EV:  9    Int:  9    God:
Gold:   29         SH:  0    Dex: 16    Spells: 3/3 levels left

rFire   . . .        Y - +0 shortbow
rCold   . . .        (shield currently unavailable)
rNeg    . . .        c - +0 leather armour
rPois   +            (no helmet)
rElec   .            (no cloak)
rCorr   .            (no gloves)
SInv    +            (no barding)
Will    .....        (no amulet)
Stlth   ++           (no ring)
HPRegen 0.26/turn    (no ring)
MPRegen 0.09/turn

%: no passive effects
@: short of breath, very slow
A: AC +1, large, see invisible, deformed body, poison resistance, slowness 2,
spit poison 1, naga tail 1
a: Spit Poison


You were on level 2 of the Dungeon.
You visited 1 branch of the dungeon, and saw 2 of its levels.

You collected 29 gold pieces.


Innate Abilities, Weirdness & Mutations

Your serpentine skin is tough. (AC +1)
You have supernaturally acute eyesight. (SInv)
Armour fits poorly on your strangely shaped body.
Your system is resistant to poisons. (rPois)
You cover ground very slowly.
You can spit poison.
You have a snake-like lower body.


   Skills:
 + Level 2.0 Fighting
 - Level 5.0 Ranged Weapons
 - Level 1.5 Dodging
 - Level 1.5 Stealth


You had 3 spell levels left.
You didn't know any spells.
Your spell library was empty.

Inventory:

Hand Weapons
 Y - a +0 shortbow (weapon)
Armour
 a - a +1 ring mail of cold resistance
 c - a +0 leather armour (worn)
Potions
 d - a potion of lignification {unknown}
 f - a potion of resistance {unknown}
 g - a potion of brilliance {unknown}

Dungeon Overview and Level Annotations

Branches:
Dungeon (2/15)

Altars:

Annotations:
D:2 Sigmund


Message History

1128 ||| INVOKING Spit Poison.
Aiming: Spit Poison (1% risk of failure)
Press: ? - help, Shift-Dir - straight line, f - Sigmund The splash of poison hits Sigmund.
Sigmund is lightly wounded.
Sigmund shouts!
You shoot an arrow.
The arrow hits Sigmund but does no damage.
Sigmund is lightly wounded.
Sigmund giggles. "Time to reap what you sow."
Sigmund mumbles some strange words.
Sigmund flickers and vanishes for a moment.
You shoot an arrow. The arrow hits Sigmund!
Sigmund is moderately wounded.
You shoot an arrow. The arrow closely misses Sigmund.
You have got your breath back.
Sigmund hits you from afar with a +0 scythe!
1132 ||| INVOKING Spit Poison.
Aiming: Spit Poison (1% risk of failure)
Press: ? - help, Shift-Dir - straight line, f/p - Sigmund The splash of poison hits Sigmund but does no damage.
Sigmund is poisoned.
Sigmund is moderately wounded.
Sigmund hits you from afar with a +0 scythe!
You shoot an arrow. The arrow hits Sigmund.
Sigmund is heavily wounded.
Sigmund hits you from afar with a +0 scythe.
Enter note:
1134 ||| UPGRADING to +1 ring mail of cold resistance.
You start removing your armour.
You continue taking off your +0 leather armour.
Sigmund hits you from afar with a +0 scythe!
You stop removing your armour.
1136 ||| UPGRADING to +1 ring mail of cold resistance.
Sigmund points at you and mumbles some strange words.
You stop removing your armour.
The magic dart hits you.
1137 ||| UPGRADING to +1 ring mail of cold resistance.
Sigmund hits you from afar with a +0 scythe!
You stop removing your armour.
You die...

### #. ..#
#.# #.# ###
#.# #.# ...
#.###.#
###.# #
#......
#@..#
#.####..##.#
#.#@#
#..........#
#.# ..
.##.....###
#.# ##
##...##
####.####
##.##
#.......#
#.#
#.##.##)#
#.#
#.##.##.#
##'##
#.##....#
##...##


You could see Sigmund (invisible, poisoned).

Vanquished Creatures
  A gnoll (D:1)
  An adder (D:2)
  A dart slug (D:1)
  3 bats (D:1)
  2 endoplasms (D:1)
  A giant cockroach (D:1)
  4 goblins (D:1)
  5 hobgoblins
  6 jackals (D:1)
  7 kobolds
  A quokka (D:1)
  2 ball pythons (D:1)
  A frilled lizard (D:1)
  2 rats (D:1)
37 creatures vanquished.

Notes
Turn   | Place    | Note
-------+----------+-------------------------------------------
     0 | D:1      | qw the Naga Hunter began the quest for the Orb.
     0 | D:1      | Reached XP level 1. HP: 19/19 MP: 1/1
     0 | D:1      | 0 ||| qw: Version: 0.3-a-7-ge0c9b40
     0 | D:1      | 0 ||| qw: Game counter: 1112
     0 | D:1      | 0 ||| qw: Always use a shield: true
     0 | D:1      | 0 ||| qw: God list: Okawaru
     0 | D:1      | 0 ||| qw: Allow faded altars: false
     0 | D:1      | 0 ||| qw: Do Orc after D:15 true
     0 | D:1      | 0 ||| qw: Do second Lair branch before Depths: true
     0 | D:1      | 0 ||| qw: Lair rune preference: random
     0 | D:1      | 0 ||| qw: Plans: Normal
     0 | D:1      | 0 ||| PLANNING D:1-11
    23 | D:1      | 23 ||| INVOKING Spit Poison.
    24 | D:1      | 24 ||| INVOKING Spit Poison.
    45 | D:1      | 45 ||| INVOKING Spit Poison.
   108 | D:1      | 108 ||| INVOKING Spit Poison.
   110 | D:1      | Reached skill level 4 in Ranged Weapons
   110 | D:1      | Reached XP level 2. HP: 26/26 MP: 2/2
   113 | D:1      | 113 ||| INVOKING Spit Poison.
   118 | D:1      | 118 ||| INVOKING Spit Poison.
   123 | D:1      | 123 ||| INVOKING Spit Poison.
   136 | D:1      | 136 ||| INVOKING Spit Poison.
   157 | D:1      | 157 ||| INVOKING Spit Poison.
   161 | D:1      | 161 ||| INVOKING Spit Poison.
   200 | D:1      | 200 ||| INVOKING Spit Poison.
   206 | D:1      | Reached XP level 3. HP: 32/32 MP: 3/3
   220 | D:1      | 220 ||| INVOKING Spit Poison.
   223 | D:1      | 223 ||| INVOKING Spit Poison.
   226 | D:1      | 226 ||| INVOKING Spit Poison.
   246 | D:1      | 246 ||| INVOKING Spit Poison.
   251 | D:1      | 251 ||| INVOKING Spit Poison.
   255 | D:1      | 255 ||| INVOKING Spit Poison.
   256 | D:1      | 256 ||| INVOKING Spit Poison.
   378 | D:1      | 378 ||| INVOKING Spit Poison.
   384 | D:1      | 384 ||| INVOKING Spit Poison.
   388 | D:1      | 388 ||| INVOKING Spit Poison.
   448 | D:1      | 448 ||| INVOKING Spit Poison.
   453 | D:1      | 453 ||| INVOKING Spit Poison.
   521 | D:1      | 521 ||| INVOKING Spit Poison.
   734 | D:1      | 734 ||| INVOKING Spit Poison.
   801 | D:1      | 801 ||| INVOKING Spit Poison.
   872 | D:1      | 872 ||| INVOKING Spit Poison.
   875 | D:1      | 875 ||| INVOKING Spit Poison.
   964 | D:1      | 964 ||| INVOKING Spit Poison.
   968 | D:1      | 968 ||| READING scroll labelled KEPLUU VETZO.
   971 | D:1      | 971 ||| READING scroll labelled KIT MOSU NAHYE.
   972 | D:1      | 972 ||| DROPPING scroll of butterflies.
   979 | D:2      | 979 ||| INVOKING Spit Poison.
  1012 | D:2      | 1012 ||| INVOKING Spit Poison.
  1018 | D:2      | 1018 ||| INVOKING Spit Poison.
  1022 | D:2      | Reached skill level 5 in Ranged Weapons
  1022 | D:2      | Reached XP level 4. HP: 32/39 MP: 4/4
  1127 | D:2      | Noticed Sigmund
  1128 | D:2      | 1128 ||| INVOKING Spit Poison.
  1132 | D:2      | 1132 ||| INVOKING Spit Poison.
  1134 | D:2      | 1134 ||| UPGRADING to +1 ring mail of cold resistance.
  1135 | D:2      | HP: 6/39 [Sigmund/+0 scythe (12)]
  1136 | D:2      | 1136 ||| UPGRADING to +1 ring mail of cold resistance.
  1136 | D:2      | HP: 1/39 [Sigmund/magic dart (5)]
  1137 | D:2      | 1137 ||| UPGRADING to +1 ring mail of cold resistance.
  1137 | D:2      | Mangled by Sigmund

Levels and vault maps discovered:
D:1:      ncdulo_wetmaze, layout_basic, bh_walls_and_bars
D:2:      layout_loops_corners, chequers_garden, uniq_sigmund

Skill      XL: |  1  2  3 |
---------------+----------+-----
Ranged Weapons | 4 5 |  5.0
Fighting       | |  2.0
Dodging        | |  1.5
Stealth        | |  1.5

Action                     |  1- 3 |  4- 6 || total
---------------------------+-------+-------++-------
   Fire: Shortbow          |    77 |     9 ||    86
Ability: Spit Poison       |    30 |     2 ||    32
    Use: Scroll            |     2 |       ||     2
 Armour: Leather armour    |     9 |       ||     9
  Dodge: Dodged            |    13 |     2 ||    15

Table legend:
 A = Non-vault XP
 B = Vault XP
 C = Vault XP percentage of total XP
 D = Non-vault monster count
 E = Vault monster count
 F = Vault count percentage of total count
                 A         B        C        D         E       F
            +---------+---------+-------+---------+---------+-------
      Total |      90 |       0 |   0.0 |      37 |       0 |   0.0
            +---------+---------+-------+---------+---------+-------
        D:1 |      72 |       0 |   0.0 |      33 |       0 |   0.0
        D:2 |      18 |       0 |   0.0 |       4 |       0 |   0.0
            +---------+---------+-------+---------+---------+-------
